 Dungeon Crawl Stone Soup version 0.30.1-4-g462c640d31 (webtiles) character file.

Game seed: 12169729391015435389

43274 Peloso the Tortoise (level 13, -2/119 HPs)
             Began as a Minotaur Fighter on Sept 18, 2023.
             Was a High Priest of Okawaru.
             Slain by a slime creature (10 damage)
             ... in an ice cave.
             The game lasted 00:55:23 (23069 turns).

Peloso the Tortoise (Minotaur Fighter)             Turns: 23069, Time: 00:55:23

Health: -2/119     AC: 25    Str: 22    XL:     13   Next: 89%
Magic:  22/22      EV:  9    Int:  1    God:    Okawaru [*****.]
Gold:   947        SH: 16    Dex: 23    Spells: 12/12 levels left

rFire   + . .        a - +3 long sword of Fimbulwinter {heavy, rCorr Dex+3}
rCold   + + +        d - +2 kite shield
rNeg    . . .        z - +3 plate armour {rC+}
rPois   +            U - +1 hat
rElec   .            I - +2 cloak {rPois}
rCorr   +            (no gloves)
SInv    .            (no boots)
Will    +....        J - amulet "Pedikhlimem" {rPois rF+ Will+ Regen+ MP+9} Stlth
                     o - +6 ring of dexterity
HPRegen 1.19/turn    L - ring of the Screaming Gods {rC++ rCorr Int-4}
MPRegen 0.18/turn

%: no passive effects
@: no status effects
A: horns 2, retaliatory headbutt, mutation resistance 1
a: Renounce Religion, Heroism, Finesse, Duel


You were in an ice cave.
You worshipped Okawaru.
Okawaru was extremely pleased with you.
You visited 3 branches of the dungeon, and saw 17 of its levels.
You also visited: Bailey, Gauntlet and Ice Cave.

You collected 1555 gold pieces.
You spent 608 gold pieces at shops.

Inventory:

Hand Weapons
 a - the +3 long sword of Fimbulwinter (weapon) {heavy, rCorr Dex+3}
   (You bought it in a shop on level 5 of the Dungeon)

   Dex:       It affects your dexterity (+3).
   rCorr:     It protects you from acid and corrosion.
 b - the +8 trident of the Octopus King {venom, rElec rPois}
   (You found it on level 3 of the Dungeon)

   rElec:     It insulates you from electricity.
   rPois:     It protects you from poison.
 c - a +1 trident of flaming
Armour
 d - a +2 kite shield (worn)
 z - a +3 plate armour of cold resistance (worn)
 I - a +2 cloak of poison resistance (worn)
 K - the +0 hat "Jayn" {rC- Str+3 Dex+4}
   (You found it in a Gauntlet)

   Str:       It affects your strength (+3).
   Dex:       It affects your dexterity (+4).
   rC:        It makes you vulnerable to cold.
 M - a +0 chain mail of willpower
 U - a +1 hat (worn)
Jewellery
 e - a ring of positive energy
 h - a ring of see invisible
 n - a +4 ring of protection
 o - a +6 ring of dexterity (left hand)
 H - a ring of flight
 J - the amulet "Pedikhlimem" (around neck) {rPois rF+ Will+ Regen+ MP+9}
   (You found it in an ice cave)

   [amulet of regeneration]

   rF:        It protects you from fire.
   rPois:     It protects you from poison.
   MP:        It affects your magic capacity (+9).
   Regen:     It increases your rate of health regeneration.
   Will:      It increases your willpower.
 L - the ring of the Screaming Gods (right hand) {rC++ rCorr Int-4}
   (You took it off a minotaur in a Gauntlet)

   [ring of resist corrosion]

   Int:       It affects your intelligence (-4).
   rC:        It greatly protects you from cold.
   rCorr:     It protects you from acid and corrosion.
 N - an amulet of the acrobat
 V - a +6 ring of dexterity
 W - a ring of fire
Wands
 s - a wand of mindburst (43)
 x - a wand of flame (64)
 E - a wand of paralysis (3)
 S - a wand of polymorph (11)
Scrolls
 g - 2 scrolls of fog
 i - 2 scrolls of teleportation
 j - 6 scrolls of enchant weapon
 l - 3 scrolls of poison
 p - 4 scrolls of enchant armour
 u - a scroll of fear
 y - 2 scrolls of immolation
 B - 3 scrolls of noise
 D - a scroll of summoning
 G - a scroll of amnesia
 O - a scroll of silence
 R - a scroll of magic mapping
Potions
 f - 2 potions of magic
 m - 3 potions of might
 q - 4 potions of lignification
 r - a potion of berserk rage
 t - a potion of mutation
 v - a potion of curing
 A - 3 potions of cancellation
 C - 5 potions of flight
 P - a potion of degeneration {unknown}
 T - 2 potions of brilliance {unknown}
 X - a potion of resistance {unknown}
 Y - a potion of attraction {unknown}
Miscellaneous
 w - a lightning rod (4/4)
 F - a condenser vane
 Q - a box of beasts
 Z - a phial of floods


   Skills:
 + Level 12.7 Fighting
 + Level 8.6 Long Blades
 + Level 14.8 Polearms
 + Level 16.3 Armour
 + Level 4.1 Dodging
 + Level 2.0 Stealth
 + Level 11.3 Shields
 + Level 2.3 Invocations
 + Level 1.4 Evocations


You had 12 spell levels left.
You didn't know any spells.
Your spell library contained the following spells:

 Spells                   Type           Power      Damage    Failure   Level
 Magic Dart               Conj           0%         1d3       100%        1
 Sandblast                Erth           0%         2d4       100%        1
 Shock                    Conj/Air       0%         1d3       100%        1
 Ensorcelled Hibernation  Hex/Ice        0%         N/A       100%        2
 Lesser Beckoning         Tloc           0%         N/A       100%        2
 Passwall                 Tmut/Erth      0%         N/A       100%        2
 Sublimation of Blood     Necr           0%         N/A       100%        2
 Wereblood                Tmut           0%         N/A       100%        2
 Gell's Gravitas          Tloc           0%         N/A       100%        3
 Mephitic Cloud           Conj/Pois/Air  0%         N/A       100%        3
 Spider Form              Tmut/Pois      0%         N/A       100%        3
 Stone Arrow              Conj/Erth      0%         3d7       100%        3
 Swiftness                Air            0%         N/A       100%        3
 Teleport Other           Tloc           0%         N/A       100%        3
 Volatile Blastmotes      Fire/Tloc      0%         2d10      100%        3
 Airstrike                Air            0%         2d(0-16)  100%        4
 Anguish                  Hex/Necr       0%         N/A       100%        4
 Fulminant Prism          Conj/Hex       0%         3d5       100%        4
 Iskenderun's Mystic Bla  Conj/Tloc      0%         2d3       100%        4
 Manifold Assault         Tloc           0%         N/A       100%        4
 Lee's Rapid Deconstruct  Erth           0%         3d4*      100%        5
 Dispersal                Tloc           0%         N/A       100%        6
 Disjunction              Tloc           0%         N/A       100%        8
 Call Imp                 Summ           Unusable   N/A       N/A         2
 Summon Hydra             Summ           Unusable   N/A       N/A         7

Dungeon Overview and Level Annotations

Branches:
Dungeon (12/15)            Temple (0/1) D:7            Lair (3/5) D:8
  Swamp (0/4) Lair:2        Snake (0/4) Lair:3          Orc (2/2) D:9
    Elf (0/3) Orc:2        Bailey (visited)           IceCv (1/1)
Gauntlet (visited)

Altars:
Cheibriados
Elyvilon
Hepliaklqana
Kikubaaqudgha
Okawaru
Qazlal
Sif Muna
Trog
Wu Jian
Xom

Shops:
D:2 :   D:5 (   D:9 *:((   D:10 =:   D:11 *=?*?


Innate Abilities, Weirdness & Mutations

You have a pair of horns on your head.
You reflexively headbutt those who attack you in melee.
You are somewhat resistant to further mutation.


Message History

The slime creature hits you but does no damage.
You slash the slime creature!
The slime creature is almost dead.
The slime creature barely misses you. You furiously retaliate!
You headbutt the slime creature!
The shapeshifter simulacrum hits you but does no damage.
You block the slime creature's attack. x2
The slime creature hits you but does no damage.
The shapeshifter simulacrum hits you but does no damage.
The slime creature hits you.
* * * LOW HITPOINT WARNING * * *
You slice the slime creature!!
You kill the slime creature!
Okawaru accepts your kill. The slime creature barely misses you.
You furiously retaliate!
You headbutt the slime creature.
The slime creature hits you but does no damage.
The shapeshifter simulacrum hits you but does no damage.
The slime creature hits you but does no damage.
You slice the slime creature!!
The slime creature is moderately wounded.
The slime creature hits you but does no damage.
You block the slime creature's attack.
The shapeshifter simulacrum closely misses you.
The slime creature hits you but does no damage.
Unknown command.
You slice the slime creature!!
Your headbutt misses the slime creature.
The slime creature is almost dead.
The slime creature hits you!
* * * LOW HITPOINT WARNING * * *
You block the shapeshifter simulacrum's attack.
You block the slime creature's attack. x2
You slice the slime creature!!
You kill the slime creature!
Okawaru accepts your kill. You block the slime creature's attack.
The shapeshifter simulacrum hits you but does no damage.
The slime creature hits you!
You die...

#...###..###..##..##.##
##.. ##..# ##..#...#..#
#.. #..## #..##..#...
##Z #..# ##..##..#..#
.. #..# #...#..##.##
#..####..##..#..# #...
#..##....#.=##..# #...
##.......##..##.## #..#
#J@.##...#.[.#..# #..#
#..Z##..##[.##..# #..##
#.Z..##..##.##..##
#...# #....##..##.#...#
#.ZJ#.#...###...#....##
#.J.....## #.......##
#.......# #.......#
##J.....# ##......#
.....## #.....##


You could see a slime creature and 2 shapeshifter simulacra.

Vanquished Creatures
  Gastronok (Lair:1)
  A cacodemon (Gauntlet)
  A minotaur (Gauntlet)
  Snorg (D:10)
  2 hydras
  Fannar (D:11)
  An ogre mage (D:10)
  4 death yaks (Lair:2)
  2 two-headed ogres
  2 boulder beetles
  3 orc high priests (Orc:1)
  Sonja (D:11)
  Nergalle (D:11)
  2 deep elf pyromancers (D:12)
  2 orc knights (Orc:1)
  2 wolf spiders (Lair:2)
  2 cyclopes
  A manticore (D:12)
  3 orc sorcerers
  A worldbinder (Gauntlet)
  2 ice statues (IceCv)
  A black mamba (Lair:1)
  4 cane toads
  2 rime drakes (Lair:1)
  2 unseen horrors
  10 komodo dragons
  3 trolls (Orc:1)
  A polar bear (Lair:1)
  4 blink frogs (Lair:3)
  5 dream sheep (Lair:3)
  5 slime creatures (IceCv)
  A shadow (D:9)
  Sigmund (D:5)
  3 water elementals (D:12)
  A wyvern (Lair:2)
  24 yaks
  2 wraiths (D:12)
  2 basilisks
  2 steam dragons
  2 chaos spawn (Gauntlet)
  4 neqoxecs (Gauntlet)
  3 nagas (Lair:3)
  2 wargs (Orc:1)
  2 acid dragons
  Duvessa (D:6)
  9 water moccasins
  An ice beast (D:6)
  A sky beast (D:8)
  2 great orb of eyes simulacra (IceCv)
  A black bear (D:5)
  26 orc warriors
  A boggart (Gauntlet)
  4 ogres
  3 wolves (Lair:2)
  3 centaurs
  3 slime creature simulacra (IceCv)
  2 phantoms
  3 kobold brigands
  9 bullfrogs
  3 scorpions
  5 glowing shapeshifter simulacra (IceCv)
  3 gnoll sergeants
  Dowan (D:6)
  18 killer bees
  5 howler monkeys
  7 electric eels (D:10)
  A hound (D:5)
  10 orc priests
  Crazy Yiuf (D:2)
  2 jellies (D:2)
  A gnoll bouda (D:6)
  8 iguanas
  12 orc wizards
  2 sleepcaps (D:5)
  3 shapeshifter simulacra (IceCv)
  Robin (D:3)
  24 gnolls
  3 adders
  2 white imps (D:5)
  2 worms
  3 dart slugs
  79 orcs
  4 bats
  11 endoplasms
  6 giant cockroaches
  19 goblins
  9 hobgoblins
  3 jackals (D:2)
  34 kobolds
  3 quokkas
  9 ball pythons
  3 frilled lizards
  4 rats
492 creatures vanquished.

Vanquished Creatures (others)
  2 orcs
2 creatures vanquished.

Grand Total: 494 creatures vanquished

Notes
Turn   | Place    | Note
-------+----------+-------------------------------------------
     0 | D:1      | Peloso the Minotaur Fighter began the quest for the Orb.
     0 | D:1      | Reached XP level 1. HP: 19/19 MP: 0/0
    25 | D:1      | Found a faded altar of an unknown god.
   130 | D:1      | Reached XP level 2. HP: 26/27 MP: 1/1
   133 | D:1      | Reached skill level 4 in Armour
   331 | D:1      | Reached XP level 3. HP: 33/33 MP: 2/2
   759 | D:2      | Found Netorr Yjou's Book Shoppe.
  1302 | D:2      | Found a runed translucent door.
  1303 | D:2      | Noticed Crazy Yiuf
  1657 | D:2      | Reached XP level 4. HP: 38/41 MP: 3/3
  1974 | D:3      | Found the +8 trident of the Octopus King {venom, rElec
                  | rPois}
  2048 | D:3      | Reached XP level 5. HP: 47/47 MP: 4/4
  2239 | D:3      | Noticed Robin
  2255 | D:3      | Killed Robin
  2268 | D:3      | Reached skill level 1 in Dodging
  2377 | D:3      | Found an ancient bone altar of Kikubaaqudgha.
  2521 | D:3      | Noticed an ogre
  2525 | D:3      | Killed an ogre
  2526 | D:3      | Reached skill level 1 in Polearms
  2526 | D:3      | Reached XP level 6. HP: 53/53 MP: 5/5
  3163 | D:4      | Reached skill level 5 in Armour
  3334 | D:4      | Reached skill level 5 in Fighting
  3962 | D:5      | Entered Level 5 of the Dungeon
  3980 | D:5      | Reached XP level 7. HP: 55/61 MP: 6/6
  4088 | D:5      | Reached skill level 6 in Armour
  4320 | D:5      | Found an iron altar of Okawaru.
  4333 | D:5      | Became a worshipper of Warmaster Okawaru
  4370 | D:5      | Found a hazy altar of Hepliaklqana.
  4442 | D:5      | Noticed Sigmund
  4446 | D:5      | Killed Sigmund
  4447 | D:5      | Reached skill level 5 in Polearms
  4447 | D:5      | Reached skill level 5 in Shields
  4521 | D:5      | Found Syosko's Weapon Boutique.
  4789 | D:5      | Reached XP level 8. HP: 69/69 MP: 7/7
  4835 | D:5      | Found an ornate altar of the Wu Jian Council.
  4842 | D:5      | Found a snail-covered altar of Cheibriados.
  4847 | D:5      | Reached * piety under Okawaru
  4848 | D:5      | Reached skill level 7 in Armour
  5226 | D:6      | Reached skill level 8 in Armour
  5539 | D:6      | Noticed Dowan
  5541 | D:6      | Noticed Duvessa
  5552 | D:6      | Killed Dowan
  5561 | D:6      | Killed Duvessa
  6196 | D:7      | Found a staircase to the Ecumenical Temple.
  6402 | D:7      | Reached XP level 9. HP: 74/75 MP: 8/8
  6538 | D:7      | Noticed a two-headed ogre
  6544 | D:7      | Killed a two-headed ogre
  6544 | D:7      | Reached ** piety under Okawaru
  6545 | D:7      | Reached skill level 9 in Armour
  6545 | D:7      | Reached skill level 1 in Stealth
  7154 | D:8      | Found a shimmering blue altar of Sif Muna.
  7257 | D:8      | Reached skill level 10 in Armour
  7408 | D:8      | Identified the +6 short sword "Qutum" {protect, rC- Int+5
                  | SInv}
  7476 | D:8      | HP: 3/75 [killer bee (3)]
  8090 | D:8      | Found a staircase to the Lair.
  8092 | D:8      | Noticed a komodo dragon
  8114 | D:8      | Killed a komodo dragon
  8352 | D:9      | Found Welocilo's Book Emporium.
  8359 | D:9      | Reached skill level 10 in Polearms
  8359 | D:9      | Reached XP level 10. HP: 84/84 MP: 9/9
  8372 | D:9      | Reached *** piety under Okawaru
  8387 | D:9      | Reached skill level 11 in Armour
  8412 | D:9      | Found a stormy altar of Qazlal.
  8425 | D:9      | Found Kuirull's Weapon Boutique.
  8426 | D:9      | Found Ezxiatho's Antique Weapon Shoppe.
  8560 | D:9      | Found a staircase to the Orcish Mines.
  8693 | D:9      | Found Qiylad's Assorted Antiques.
  8712 | D:9      | Bought a puce potion for 21 gold pieces
  9572 | D:9      | Found a shimmering altar of Xom.
  9610 | D:9      | Identified the +5 war axe of Xoffon {pain, Str+3 Stlth-}
  9831 | D:10     | Entered Level 10 of the Dungeon
  9916 | D:10     | Found Sajibic's Jewellery Shop.
  9920 | D:10     | Reached skill level 12 in Armour
  9967 | D:10     | Noticed Snorg
 10012 | D:10     | Killed Snorg
 10013 | D:10     | Reached **** piety under Okawaru
 10023 | D:10     | Found a flagged portal.
 10031 | Bailey   | Entered a bailey
 10699 | D:10     | Noticed a cyclops
 10706 | D:10     | Killed a cyclops
 10707 | D:10     | Reached XP level 11. HP: 93/95 MP: 7/10
 10710 | D:10     | Identified the +5 glaive "Meepouf" {flame, Fly rC- Dex+2}
 10724 | D:10     | Noticed an ogre mage
 10731 | D:10     | Killed an ogre mage
 10731 | D:10     | Reached ***** piety under Okawaru
 10751 | D:10     | Found a bloodstained altar of Trog.
 10837 | D:10     | Noticed a boulder beetle
 10848 | D:10     | Killed a boulder beetle
 11307 | D:10     | Found Guarchy's Book Emporium.
 11608 | D:10     | Reached skill level 13 in Armour
 11760 | D:11     | Found Ywnecs's General Store.
 11768 | D:11     | Reached skill level 1 in Evocations
 11798 | D:11     | Found Voihef's Magic Scroll Shop.
 11852 | D:11     | Found Weitzeloagh's Magic Scroll Boutique.
 11905 | D:11     | Found a gate leading to a gauntlet.
 11909 | D:11     | Found Heocis's Jewellery Shop.
 11911 | Gauntlet | Entered a Gauntlet
 11911 | Gauntlet | Found a transporter.
 11919 | Gauntlet | Noticed an oklob plant
 11921 | Gauntlet | Found a transporter.
 11938 | Gauntlet | Found a transporter.
 11946 | Gauntlet | Found a transporter.
 11959 | Gauntlet | Noticed a death scarab
 11962 | Gauntlet | Found a transporter.
 11966 | Gauntlet | Noticed a death scarab
 11981 | Gauntlet | Found a transporter.
 12012 | Gauntlet | Found a transporter.
 12017 | Gauntlet | Found a transporter.
 12019 | Gauntlet | Found a transporter.
 12042 | Gauntlet | Found a transporter.
 12043 | Gauntlet | Noticed a hell hog
 12047 | Gauntlet | Found a transporter.
 12051 | Gauntlet | Found a transporter.
 12072 | Gauntlet | Found a transporter.
 12072 | Gauntlet | Noticed a catoblepas
 12077 | Gauntlet | Found a transporter.
 12079 | Gauntlet | Found a transporter.
 12102 | Gauntlet | Found a transporter.
 12103 | Gauntlet | Noticed a cacodemon
 12127 | Gauntlet | Found a transporter.
 12144 | Gauntlet | Found a transporter.
 12477 | Gauntlet | Noticed a bog body
 12477 | Gauntlet | Noticed a bog body
 12479 | Gauntlet | Noticed a goliath frog
 12486 | Gauntlet | Noticed a goliath frog
 12486 | Gauntlet | Noticed a bog body
 12493 | Gauntlet | Noticed a goliath frog
 12493 | Gauntlet | Noticed a bog body
 12581 | Gauntlet | Lost intelligence.
 12600 | Gauntlet | Killed a cacodemon
 12600 | Gauntlet | Received a gift from Okawaru
 12601 | Gauntlet | Reached skill level 14 in Armour
 12601 | Gauntlet | Reached skill level 1 in Invocations
 12602 | Gauntlet | Gained mutation: You occasionally lose the ability to read
                  | scrolls when taking damage. [a neqoxec]
 12615 | Gauntlet | Identified the +0 hat "Jayn" {rC- Str+3 Dex+4}
 12627 | Gauntlet | Lost mutation: You occasionally lose the ability to read
                  | scrolls when taking damage. [potion of mutation]
 12627 | Gauntlet | Gained mutation: You are somewhat resistant to further
                  | mutation. [potion of mutation]
 13215 | Gauntlet | Identified the ring of the Screaming Gods {rC++ rCorr
                  | Int-4}
 13215 | Gauntlet | Noticed a minotaur
 13225 | Gauntlet | Killed a minotaur
 13225 | Gauntlet | Received a gift from Okawaru
 13234 | Gauntlet | Found the +27 heavy crossbow "Sniper" {heavy, Acc+∞ SInv}
 13237 | Gauntlet | Identified the +0 hand axe of Fate {venom, rElec Will-
                  | Str-5 SInv}
 13359 | D:11     | Found Xoki Lih's Assorted Antiques.
 13395 | D:11     | Bought a scroll of magic mapping for 105 gold pieces
 13591 | D:11     | Noticed Fannar
 13624 | D:11     | Killed Fannar
 13931 | D:11     | Noticed a two-headed ogre
 13942 | D:11     | Killed a two-headed ogre
 13943 | D:11     | Reached skill level 10 in Fighting
 13943 | D:11     | Reached XP level 12. HP: 74/106 MP: 8/11
 14234 | D:11     | Noticed Nergalle
 14245 | D:11     | Killed Nergalle
 14362 | D:11     | Noticed a boulder beetle
 14363 | D:11     | Noticed Sonja
 14374 | D:11     | Killed Sonja
 14387 | D:11     | Killed a boulder beetle
 14738 | Lair:1   | Entered Level 1 of the Lair of Beasts
 14756 | Lair:1   | Identified the +6 flail "Beetleslayer" {freeze, rElec Will+
                  | Int-3} (Okawaru gifted it to you on level 1 of the Lair of
                  | Beasts)
 14756 | Lair:1   | Received a gift from Okawaru
 14893 | Lair:1   | Identified the scarf of the Hall of Blades {harm, rN+++
                  | Dex-2 SInv Stlth+}
 14979 | Lair:1   | Noticed Gastronok
 14997 | Lair:1   | Killed Gastronok
 14998 | Lair:1   | Reached skill level 15 in Armour
 16093 | Lair:2   | Found a staircase to the Swamp.
 16093 | Lair:2   | Noticed a five-headed hydra
 16116 | Lair:2   | Killed a five-headed hydra
 16191 | Lair:2   | Reached ****** piety under Okawaru
 16559 | Lair:2   | Noticed a death yak
 16561 | Lair:2   | Noticed a death yak
 16561 | Lair:2   | Noticed a death yak
 16568 | Lair:2   | Noticed a death yak
 16578 | Lair:2   | Killed a death yak
 16590 | Lair:2   | Killed a death yak
 16610 | Lair:2   | Reached XP level 13. HP: 44/118 MP: 13/13
 17119 | Lair:2   | Received a gift from Okawaru
 17393 | D:5      | Bought the +3 long sword of Fimbulwinter {heavy, rCorr
                  | Dex+3} for 482 gold pieces
 17514 | Lair:3   | Found a staircase to the Snake Pit.
 17811 | Lair:3   | Reached skill level 5 in Long Blades
 18159 | Lair:3   | Identified the -2 kite shield of Dishonour {-Tele +Inv Fly
                  | Stlth+}
 18463 | Lair:3   | Found a white marble altar of Elyvilon.
 19043 | D:12     | Reached skill level 10 in Shields
 19771 | D:2      | Killed Crazy Yiuf
 19975 | Orc:1    | Entered Level 1 of the Orcish Mines
 20458 | D:9      | Paralysed by an orc sorcerer for 4 turns
 20712 | Orc:1    | Reached skill level 16 in Armour
 21319 | Orc:1    | Identified the +1 robe "Noge" {Str+3} (Okawaru gifted it to
                  | you on level 1 of the Orcish Mines)
 21319 | Orc:1    | Received a gift from Okawaru
 22205 | Orc:2    | Entered Level 2 of the Orcish Mines
 22237 | Orc:2    | Found a frozen archway.
 22246 | IceCv    | Entered an ice cave
 22928 | IceCv    | Identified the amulet "Pedikhlimem" {rPois rF+ Will+ Regen+
                  | MP+9}
 23043 | IceCv    | Found a viscous altar of Jiyva.
 23043 | IceCv    | Noticed an azure jelly
 23043 | IceCv    | Noticed an azure jelly
 23069 | IceCv    | Slain by a slime creature

Illustrated notes

Levels and vault maps discovered:
D:1:      eino_arrival_water_cross, layout_basic, basic_ecumenical_altar,
          minmay_misc_feat_hallway
D:2:      cheibrodos_fertilizer, layout_loops_corners, serial_shops, shop,
          kennysheep_generic_room_8, uniq_crazy_yiuf_cottage
D:3:      layout_basic, mainiacjoe_overflow_catwalk, serial_aquarium,
          aquarium_bridge_square [aquarium_subvault_window,
          aquarium_subvault_wall, aquarium_subvault_bridge,
          aquarium_subvault_bridge], aquarium_window_1, aquarium_window_1,
          aquarium_window_corner, aquarium_window_1, aquarium_view_2c,
          aquarium_view_2d, kennysheep_decorative_pillar,
          corexii_item_surrounded_by_moat, minmay_misc_feat_room, hex_tiny,
          minivault_11, uniq_robin
D:4:      layout_basic, lightli_corner_chamber
D:5:      layout_loops_cross, mainiacjoe_overflow_catch_the_wave,
          amethyst_overflow_temple_binary, serial_shops, shop,
          kennysheep_generic_room_12, uniq_sigmund
D:6:      layout_rooms, uniq_duvessa
D:7:      layout_loops_corners, minmay_temple_entry_drinking_statues
D:8:      layout_loops_ring, mainiacjoe_overflow_concentric_impassable,
          david_lair_shrubbed
D:9:      layout_irregular_city, mainiacjoe_overflow_chevrons,
          mainiacjoe_overflow_boulevard, david_orc_5, serial_co_window_serial,
          co_window_of_opportunity_a, co_window_cross_1, co_window_corner_a,
          co_window_paths_a, co_window_paths_b, co_window_paths_c,
          co_window_paths_c, co_window_broadway_c, glass_columns_c,
          glass_columns_c, glass_columns_a, glass_columns_b, glass_columns_b,
          serial_shops, nicolae_shop_peninsula, nicolae_shop_advertising_works
          [nicolae_subvault_shop_adworks], nicolae_shop_overgrown_old_shop,
          nicolae_shop_statue_plus, minmay_misc_feat_alley
D:10:     layout_basic, nicolae_overflow_crystal_walls, serial_shops, shop,
          shop, enter_bailey_3, grunt_decor_cap, st_stairs_3, minmay_radiant,
          uniq_snorg
D:11:     layout_roguey, gauntlet_entry_generic, serial_shops, shop, shop, shop,
          nicolae_shop_tiny_real_fake_doors, nicolae_shop_peninsula,
          uniq_fannar, uniq_sonja, uniq_nergalle
D:12:     layout_cave_pods, serial_bayou, serial_bayou_shore_b,
          serial_bayou_lagoon_b, serial_bayou_ford_a, serial_bayou_shore_b,
          skrybe_limestone_x, minmay_fractal_squares_gapless_7
Lair:1:   beast_lair_carwin_large_3, layout_regular_city, grunt_megastairs_3,
          uniq_gastronok
Lair:2:   layout_misc_corridors, minmay_swamp_entry_reptiles,
          nicolae_lair_run_with_the_wolves, grunt_megastairs_4,
          lemuel_fruit_tree
Lair:3:   layout_misc_corridors, nicolae_snake_entry_squirm, basic_altar,
          cheibrodos_lair_caveside_slide, minmay_hedge_maze
Orc:1:    nicolae_orc_accident_3, layout_caves, special_room [special_room_orc],
          basic_altar, kennysheep_orc_chapel
Orc:2:    pf_orc_diabolical, layout_diamond_mine,
          portal_ice_cave_entry_pillars_1
IceCv:    ice_cave_hellmonk_azure_passage

Skill      XL: |  1  2  3  4  5  6  7  8  9 10 11 12 13 |
---------------+----------------------------------------+-----
Fighting       | 4 5 6 8 10 12 | 12.7
Armour         | 4 5 6 8 10 12 14 15 16 | 16.3
Shields        | 4 5 6 7 8 11 | 11.3
Long Blades    | 3 4 8 |  8.6
Dodging        | 1 2 3 4 |  4.1
Polearms       | 1 3 5 7 10 11 13 14 | 14.8
Stealth        | 1 2 |  2.0
Evocations     | 1 |  1.4
Invocations    | 1 2 |  2.3

Action                     |  1- 3 |  4- 6 |  7- 9 | 10-12 | 13-15 || total
---------------------------+-------+-------+-------+-------+-------++-------
  Melee: Long sword        |   103 |    28 |       |       |   323 ||   454
         Headbutt          |    13 |    14 |    47 |   147 |   105 ||   326
         Trident           |       |    79 |   218 |   625 |    58 ||   980
 Invoke: Heroism           |       |       |     3 |    11 |     5 ||    19
  Evoke: Wand              |       |       |       |     3 |       ||     3
         Lightning rod     |       |       |       |     1 |       ||     1
         Condenser vane    |       |       |       |     1 |       ||     1
    Use: Scroll            |     1 |       |     6 |    14 |    10 ||    31
         Potion            |       |       |     2 |     4 |     4 ||    10
 Armour: Scale mail        |    51 |    43 |    10 |       |       ||   104
         Plate armour      |       |       |    86 |   281 |   293 ||   660
         Chain mail        |       |       |     1 |       |       ||     1
  Dodge: Dodged            |    50 |    45 |    83 |   174 |   164 ||   516
  Block: Buckler           |    20 |    27 |    49 |   120 |       ||   216
         Kite shield       |       |       |       |   100 |   463 ||   563
